 Dungeon Crawl Stone Soup version 0.30-b1-2-g02819fbbbe (webtiles) character file.

Game seed: 3847807514909956330

35 Alarkh the Sneak (level 3, 29/29 HPs)
             Began as a Demonspawn Delver on May 22, 2023.
             Got out of the dungeon alive.
             The game lasted 00:01:03 (612 turns).

Alarkh the Sneak (Demonspawn Delver)                 Turns: 612, Time: 00:01:03

Health: 29/29      AC:  3    Str: 12    XL:     3   Next: 16%
Magic:  3/3        EV: 11    Int: 13    God:
Gold:   0          SH:  0    Dex: 14    Spells: 2/2 levels left

rFire   . .          .
                       - Unarmed
rCold   . . .        (no shield)
rNeg    . . .        a - +0 leather armour
rPois   .            (no helmet)
rElec   .            (no cloak)
rCorr   .            (no gloves)
SInv    .            (no boots)
Will    .....        (no amulet)
Stlth   ++           (no ring)
HPRegen 0.24/turn    (no ring)
MPRegen 0.08/turn

%: no passive effects
@: no status effects
A: demonic guardian 1, demonic magic 1
a: no special abilities


You escaped.
You visited 1 branch of the dungeon, and saw 5 of its levels.

Inventory:

Armour
 a - a +0 leather armour (worn)
Wands
 f - a wand of digging (3)
 h - a wand of flame (10)
Scrolls
 b - a scroll of fog
 c - a scroll of magic mapping
 d - a scroll of fear
Potions
 e - a potion of haste
 g - a potion of lignification {unknown}
 i - a potion of heal wounds {unknown}
 j - a potion of curing {unknown}


   Skills:
 - Level 3.0 Fighting
 - Level 1.7 Dodging
 - Level 4.5 Stealth
 + Level 3.3 Unarmed Combat


You had 2 spell levels left.
You didn't know any spells.
Your spell library was empty.

Dungeon Overview and Level Annotations

Branches:
Dungeon (5/15)
 Temple: D:4-7

Altars:


Innate Abilities, Weirdness & Mutations

A weak demonic guardian rushes to your aid.
Spells you cast may paralyse adjacent enemies.


Message History

The slug dart hits you.
You hit the dart slug.
The dart slug is severely wounded.
The dart slug bites you.
You hit the dart slug but do no damage.
The dart slug is severely wounded.
The dart slug launches a dart at you. The slug dart hits you.
You hit the dart slug.
The dart slug is almost dead.
You hit the dart slug.
The dart slug is almost dead.
The dart slug closely misses you.
You hit the dart slug.
You kill the dart slug!
No target in view!
No target in view!
No target in view!
No target in view!
No target in view!
No target in view!
No target in view!
No target in view!
HP restored.
You open the door.
There is an open door here.
You open the door.
There is an open door here.
There is an open door here.
You open the large door.
Found a staircase leading out of the dungeon.
There is a large open door here.
You open the door.
There is an open door here.
An endoplasm comes into view.
An endoplasm is nearby!
There is an open door here.
There is a staircase leading out of the dungeon here.
Are you sure you want to leave the Dungeon?
This will make you lose the game!
You have escaped!

..# ..# ####..###
###.......#
#...#.....#.#
#####..#####..#.#
#...#..#...##...#
#...#..#...##.#..
#.@.#..#...##.#.#
#...'..#...##.#.#
#...####...##.#.#
##''######'###'#.#
#####...##..##.......#
#....................#
#.###...##..##.......#
##########'##....#
#...#....#


There were no monsters in sight!

Vanquished Creatures
  An adder (D:5)
  An ufetubus (D:4)
  A dart slug (D:1)
  3 orcs (D:4)
  An endoplasm (D:4)
  A giant cockroach (D:1)
  2 goblins
  2 hobgoblins (D:2)
  A kobold (D:2)
  A rat (D:2)
14 creatures vanquished.

Notes
Turn   | Place    | Note
-------+----------+-------------------------------------------
     0 | D:5      | Alarkh the Demonspawn Delver began the quest for the Orb.
     0 | D:5      | Reached XP level 1. HP: 18/18 MP: 1/1
    72 | D:5      | Noticed an iguana
    87 | D:5      | Gained mutation: Spells you cast may paralyse adjacent
                  | enemies. [demonic ancestry]
    87 | D:5      | Reached XP level 2. HP: 24/24 MP: 2/2
   478 | D:2      | Gained mutation: A weak demonic guardian rushes to your
                  | aid. [demonic ancestry]
   478 | D:2      | Reached XP level 3. HP: 24/29 MP: 3/3
   612 | D:$      | Got out of the dungeon alive.

Illustrated notes

Levels and vault maps discovered:
D:1:      dpeg_arrival_houses_and_road, layout_basic
D:2:      layout_loops_ring, uniq_sigmund
D:3:      layout_basic, tso_altar, nicolae_ecumenical_lake_church,
          minmay_fractal_squares_5
D:4:      layout_basic, kennysheep_little_box, minmay_temple_entry_sparse_star,
          serial_shops, nicolae_shop_tiny_glass, minmay_ruined_shrine
D:5:      layout_gridville, marbit_many_paths

Skill      XL: |  1  2 |
---------------+-------+-----
Unarmed Combat | 2 3 |  3.3
Fighting       | |  3.0
Dodging        | |  1.7
Stealth        | |  4.5

Action                     || total
---------------------------++-------
  Melee: Unarmed           ||    60
    Use: Potion            ||     1
         Scroll            ||     1
   Stab: Sleeping          ||     3
 Armour: Leather armour    ||    10
  Dodge: Dodged            ||    25
